 Dungeon Crawl Stone Soup version 0.19.5 (webtiles) character file.

95 Gargoyl the Skirmisher (level 4, -3/40 HPs)
             Began as a Ghoul Abyssal Knight on May 4, 2017.
             Was a Believer of Lugonu.
             Slain by Ferinko's ghost (4 damage)
             ... on level 3 of the Dungeon.
             The game lasted 00:04:22 (1985 turns).

Gargoyl the Skirmisher (Ghoul Abyssal Knight)       Turns: 1985, Time: 00:04:23

Health: -3/40      AC:  8    Str: 15    XL:     4   Next: 65%
Magic:  5/5        EV: 11    Int: 12    God:    Lugonu [**....]
Gold:   162        SH:  0    Dex:  9    Spells: 0 memorised, 3 levels left

rFire  . . .     SeeInvis +     q - +0 war axe
rCold  + . .     Gourm    .     b - +2 leather armour
rNeg   + + +     Faith    .     (no shield)
rPois  ∞         Spirit   .     (no helmet)
rElec  .         Reflect  .     e - +2 cloak
rCorr  .         Harm     .     (no gloves)
MR     .....                    (no boots)
Stlth  +.........               j - amulet of regeneration
                                (no ring)
                                h - ring of see invisible

@: brilliant, rotting
A: rotting body, claws 1, carnivore 3, cold resistance 1, negative energy
resistance 3, slow regeneration 1, torment resistance, unbreathing
a: Depart the Abyss, Bend Space, Renounce Religion


You were on level 3 of the Dungeon.
You worshipped Lugonu.
Lugonu was pleased with you.
You were not hungry.

You visited 1 branch of the dungeon, and saw 3 of its levels.
You visited the Abyss 1 time.

You collected 162 gold pieces.

Inventory:

Hand Weapons
 a - a +1 hand axe
 q - a +0 war axe (weapon)
Armour
 b - a +2 leather armour (worn)
 e - a +2 cloak (worn)
Jewellery
 h - a ring of see invisible (left claw)
 j - an amulet of regeneration (around neck)
Scrolls
 f - 2 scrolls of teleportation
 g - a scroll of magic mapping
 n - 3 scrolls of identify
 r - a scroll of enchant armour
 s - 2 scrolls of remove curse
Potions
 d - 2 potions of brilliance
 i - a potion of agility {unknown}
 o - a potion of flight {unknown}
 p - 2 potions of ambrosia {unknown}
Comestibles
 c - 2 meat rations
 k - 2 slices of pizza
 t - a chunk of flesh


   Skills:
 + Level 3.9 Fighting
 + Level 2.5 Axes
 * Level 2.4 Armour
 + Level 1.4 Dodging
 * Level 2.9 Invocations


You had 3 spell levels left.
You didn't know any spells.

Dungeon Overview and Level Annotations

Branches:
Dungeon (3/15)

Altars:
Gozag

Annotations:
D:3 Ferinko's ghost, amateur MiFi


Innate Abilities, Weirdness & Mutations

Your body is rotting away.
You thrive on raw meat.
You are immune to poison.
You have sharp fingernails.
You are carnivorous and can eat meat at any time.
Your flesh is cold resistant. (rC+)
You are immune to negative energy. (rN+++)
You regenerate slowly when monsters are visible.
You are immune to unholy pain and torment.
You can survive without breathing.


Message History

Ferinko's ghost is moderately damaged.
Ferinko's ghost barely misses you.
You hit Ferinko's ghost but do no damage.
Ferinko's ghost is moderately damaged.
Ferinko's ghost hits you but does no damage.
Ferinko's ghost hits you!
* * * LOW HITPOINT WARNING * * *
You hit Ferinko's ghost.
Ferinko's ghost is moderately damaged.
Ferinko's ghost closely misses you.
You hit Ferinko's ghost but do no damage.
Ferinko's ghost is moderately damaged.
Ferinko's ghost hits you!
* * * LOW HITPOINT WARNING * * *
Ferinko's ghost hits you.
* * * LOW HITPOINT WARNING * * *
It was a potion of brilliance.
You feel clever all of a sudden. Ferinko's ghost hits you.
You die...

# .
#########
........#
#######.#
########
#.#
#.....@#
#.#
#.####W#
#.# #.#
#.# #.#
#.# #.#
#.###.##
#.#
#.##...#
#..
#......#
###
####...#
#####


You could see Ferinko's ghost.

Vanquished Creatures
  Natasha (D:2)
  An adder (D:3)
  A worm (D:3)
  3 dart slugs
  2 leopard geckos (D:1)
  2 giant cockroaches (D:2)
  7 goblins
  11 hobgoblins
  A quokka (D:3)
  4 bats
  9 frilled lizards
  5 kobolds
  2 rats
49 creatures vanquished.

Notes
Turn   | Place    | Note
-------+----------+-------------------------------------------
     0 | Abyss:1  | Gargoyl the Ghoul Abyssal Knight began the quest for the Orb.
     0 | Abyss:1  | Reached XP level 1. HP: 19/19 MP: 1/1
    69 | Abyss:1  | Noticed a ynoxinul
    72 | Abyss:1  | Noticed a wretched star
   109 | Abyss:2  | Noticed a large abomination
   110 | D:1      | Escaped the Abyss
   475 | D:1      | Reached * piety under Lugonu
   475 | D:1      | Reached skill level 1 in Dodging
   475 | D:1      | Reached XP level 2. HP: 17/26 MP: 2/2
  1137 | D:2      | Reached XP level 3. HP: 33/33 MP: 3/3
  1288 | D:2      | Noticed Natasha
  1292 | D:2      | Killed Natasha
  1292 | D:2      | Reached XP level 4. HP: 35/40 MP: 4/4
  1803 | D:3      | Reached ** piety under Lugonu
  1807 | D:3      | Found an opulent altar of Gozag.
  1974 | D:3      | Noticed Ferinko's ghost (amateur MiFi)
  1984 | D:3      | HP: 1/40 [Ferinko's ghost (4)]
  1985 | D:3      | Slain by Ferinko's ghost

Skill      XL: |  1  2  3 |
---------------+----------+-----
Armour         | 2 |  2.4
Dodging        | 1 |  1.4
Axes           | 2 |  2.5
Fighting       | |  3.9
Invocations    | |  2.9

Action                   |  1- 3 |  4- 6 || total
-------------------------+-------+-------++-------
Melee: Hand axe          |    67 |    34 ||   101
       War axe           |       |    24 ||    24
Invok: Depart the Abyss  |     1 |       ||     1
  Use: Scroll            |     4 |     7 ||    11
       Potion            |       |     1 ||     1
  Eat: Chunk             |    14 |     5 ||    19
Armor: Leather armour    |    39 |    33 ||    72
Dodge: Dodged            |    73 |    59 ||   132
